 Dungeon Crawl Stone Soup version 0.21.1-68-g103a7af (webtiles) character file.

308 HandholdingErotica the Shield-Bearer (level 6, -7/46 HPs)
             Began as a Hill Orc Fighter on Aug 1, 2018.
             Was a Follower of Hepliaklqana.
             Mangled by an ogre
             ... wielding a +0 giant club
              (23 damage)
             ... on level 5 of the Dungeon.
             The game lasted 00:24:49 (2953 turns).

HandholdingErotica the Shield-Bearer (HOFi)         Turns: 2953, Time: 00:24:49

Health: -7/46      AC:  6    Str: 18 (21) XL:     6   Next: 40%
Magic:  6/6        EV:  9    Int:  7 (8)  God:    Hepliaklqana [*.....]
Gold:   112        SH:  6    Dex:  7 (10) Spells: 5/5 levels left

rFire    . . .     SeeInvis .   a - +0 long sword
rCold    . . .     Gourm    .   p - +2 buckler
rNeg     . . .     Faith    +   b - +0 scale mail
rPois    .         Spirit   .   (no helmet)
rElec    .         Reflect  .   (no cloak)
rCorr    .         Harm     .   (no gloves)
MR       +....                  (no boots)
Stlth    ..........             r - amulet of faith
HPRegen  0.15/turn              m - ring of protection from magic
MPRegen  0.10/turn              (no ring)

@: no status effects
A: reduced essence
a: Recall Ancestor, Ancestor Identity, Renounce Religion


You were on level 5 of the Dungeon.
You worshipped Hepliaklqana.
Hepliaklqana was aware of your devotion.
You were not hungry.

You visited 1 branch of the dungeon, and saw 5 of its levels.

You collected 112 gold pieces.

Inventory:

Hand Weapons
 a - a +0 long sword (weapon)
Armour
 b - a +0 scale mail (worn)
 c - a +0 shield
 l - a +0 plate armour
 p - a +2 buckler (worn)
Jewellery
 g - a cursed ring of teleportation
 m - a ring of protection from magic (left hand)
 r - an amulet of faith (around neck)
Wands
 q - a wand of disintegration (3)
 s - a wand of digging (29)
Scrolls
 d - 3 scrolls of teleportation
 h - 2 scrolls of magic mapping
 k - a scroll of remove curse
 o - a scroll of identify
Potions
 i - a potion of curing
 n - 2 potions of degeneration
Books
 e - a book of Flames

   Spells                             Type                      Level
   a - Flame Tongue                   Conjuration/Fire             1
   b - Throw Flame                    Conjuration/Fire             2
   c - Conjure Flame                  Conjuration/Fire             3
   d - Inner Flame                    Hexes/Fire                   3
   e - Sticky Flame                   Conjuration/Fire             4
   f - Fireball                       Conjuration/Fire             5
Comestibles
 f - 5 rations


   Skills:
 + Level 4.1 Fighting
 + Level 5.3 Long Blades
 - Level 3.2 Armour
 - Level 5.6 Shields


You had 5 spell levels left.
You didn't know any spells.

Dungeon Overview and Level Annotations

Branches:
Dungeon (5/15)
 Temple: D:4-7

Altars:
Ashenzari
Elyvilon
Hepliaklqana
Okawaru

Annotations:
D:2 2 transporters


Message History

You barely miss the ogre.
The ogre is lightly wounded.
The ogre closely misses you.
You completely miss the ogre.
The ogre is lightly wounded.
You block the ogre's attack.
You barely miss the ogre.
The ogre is lightly wounded.
The ogre barely misses you.
You hit the ogre.
The ogre is lightly wounded.
The ogre completely misses you.
You riposte.
You hit the ogre.
The ogre is moderately wounded.
You slash the ogre!
The ogre is severely wounded.
You hit the ogre.
The ogre is severely wounded.
The ogre hits you with a giant club!!
Ouch! That really hurt!
You die...

#.. #.###### ##..#
##....... #....#
##....... # .....#
##....# .. #.
#....####....#####..#
O..
#....#.............#
...#
#.................#
..>.
##...............##
....####....#...@....##
.....#....#####..O..##
..$.......# ####...#
..........# ...##
.........## #....
..##.....## #..... .
#......## #.....#
##......### #......#
#.........###...#


You could see an ogre.

Vanquished Creatures
  Jessica (D:2)
  A worker ant (D:4)
  5 gnolls (D:4)
  8 adders
  4 oozes
  An adder skeleton (D:5)
  2 worms (D:2)
  2 dart slugs (D:1)
  4 leopard geckos
  7 orcs (D:3)
  7 bats
  3 giant cockroaches
  6 goblins
  5 hobgoblins
  8 kobolds
  2 quokkas
  3 ball pythons
  A frilled lizard (D:3)
  A quokka zombie (D:5)
  6 rats
77 creatures vanquished.

Vanquished Creatures (collateral kills)
  A worker ant (D:5)
  A dart slug (D:3)
  An orc (D:4)
  A frilled lizard (D:4)
4 creatures vanquished.

Vanquished Creatures (others)
  2 ancestors
2 creatures vanquished.

Grand Total: 83 creatures vanquished

Notes
Turn   | Place    | Note
-------+----------+-------------------------------------------
     0 | D:1      | HandholdingErotica the Hill Orc Fighter began the quest for the Orb.
     0 | D:1      | Reached XP level 1. HP: 19/19 MP: 1/1
    90 | D:1      | Reached XP level 2. HP: 21/26 MP: 2/2
   333 | D:1      | Reached XP level 3. HP: 31/31 MP: 3/3
   916 | D:2      | Found a transporter.
   923 | D:2      | Found a transporter.
   929 | D:2      | Found a white marble altar of Elyvilon.
  1150 | D:2      | Reached XP level 4. HP: 39/39 MP: 4/4
  1334 | D:2      | Noticed Jessica
  1360 | D:2      | Killed Jessica
  1588 | D:2      | Reached XP level 5. HP: 31/45 MP: 5/5
  1765 | D:3      | Reached skill level 5 in Shields
  2121 | D:3      | Found a hazy altar of Hepliaklqana.
  2142 | D:3      | Became a worshipper of Hepliaklqana the Forgotten
  2330 | D:3      | Found a shattered altar of Ashenzari.
  2642 | D:4      | Reached XP level 6. HP: 31/45 MP: 6/6
  2646 | D:4      | Reached skill level 5 in Long Blades
  2711 | D:5      | Entered Level 5 of the Dungeon
  2938 | D:5      | Reached * piety under Hepliaklqana
  2944 | D:4      | Found an iron altar of Okawaru.
  2953 | D:5      | Mangled by an ogre

Skill      XL: |  1  2  3  4  5  6 |
---------------+-------------------+-----
Long Blades    | 3 4 5 |  5.3
Shields        | 4 5 |  5.6
Fighting       | 4 |  4.1
Armour         | |  3.2

Action                   |  1- 3 |  4- 6 || total
-------------------------+-------+-------++-------
Melee: Long sword        |    90 |   203 ||   293
Invok: Ancestor Identity |       |     1 ||     1
  Use: Scroll            |     5 |     6 ||    11
       Potion            |     1 |     5 ||     6
  Eat: Chunk             |     1 |       ||     1
       Ration            |       |     2 ||     2
Armor: Scale mail        |    29 |    67 ||    96
Dodge: Dodged            |    25 |    64 ||    89
Block: Shield            |    42 |    65 ||   107
       Buckler           |       |    49 ||    49
       Rpst.: Long sword |     7 |    14 ||    21
